| TOP OF THE 1ST |
|
Miami (APP) Marlins batting - Pitching for Ogden Raptors : RHP Clyde Miller
|
|
Pitching: RHP Clyde Miller
|
|
|
Batting: RHB Robbie Gomez
|
0-0: Ball 1-0: Called Strike 1-1: Ball 2-1: Ball 3-1: Foul Ball, location: 2F 3-2: Foul Ball, location: 2F 3-2: Base on Balls
|
|
Batting: RHB Jeremy Harden
|
0-0: Ball Robbie Gomez is caught stealing 2nd base 2-4 1-0: Foul Ball, location: 2F 1-1: Foul Ball, location: 2F 1-2: Ball 2-2: Foul Ball, location: 2F 2-2: Ground out 5-3 (Groundball, 5, EV 78.1 MPH)
|
|
Batting: RHB George Boivin
|
0-0: Foul Ball, location: 2F 0-1: Foul Ball, location: 2F 0-2: Strikes out swinging
|
| Top of the 1st over - 0 runs, 0 hits, 0 errors, 0 left on base; Miami (APP) 0 - Ogden 0 |
| BOTTOM OF THE 1ST |
|
Ogden Raptors batting - Pitching for Miami (APP) Marlins : RHP Eric Schafer
|
|
Pitching: RHP Eric Schafer
|
|
|
Batting: LHB Nate Kee
|
0-0: Ball 1-0: Foul Ball, location: 2F 1-1: Foul Ball, location: 2F 1-2: Strikes out swinging
|
|
Batting: SHB Dave Reynoso
|
0-0: Ball 1-0: Hit by Pitch
|
|
Batting: RHB Chad Rojas
|
0-0: Called Strike 0-1: Ball 1-1: Called Strike 1-2: Foul Ball, location: 2F 1-2: Foul Ball, location: 2F 1-2: Foul Ball, location: 2F 1-2: Foul Ball, location: 2F 1-2: Ball 2-2: Ball 3-2: Base on Balls Dave Reynoso to second
|
|
Batting: RHB Justin Curran
|
0-0: Ball 1-0: Ball 2-0: Ball 3-0: Called Strike 3-1: Base on Balls Dave Reynoso to third Chad Rojas to second
|
|
Pitching: RHP Aidan Mitchell
|
|
|
Batting: RHB Jonathan Kirsch
|
0-0: Called Strike 0-1: Foul Ball, location: 2F 0-2: Ball 1-2: Foul Ball, location: 2F 1-2: Ball 2-2: Foul Ball, location: 2F 2-2: SINGLE (Line Drive, 4MD, EV 107.5 MPH) Dave Reynoso scores Chad Rojas to third Justin Curran to second
|
|
Batting: RHB Mike Kaczor
|
0-0: Ball 1-0: Foul Ball, location: 2F 1-1: Ball 2-1: Foul Ball, location: 2F 2-2: Foul Ball, location: 2F 2-2: Strikes out swinging
|
|
Batting: SHB Josh Vaill
|
0-0: SINGLE (Groundball, 56D, EV 96.9 MPH) Chad Rojas scores Justin Curran to third Jonathan Kirsch to second Runner from 3rd tries for Home, SAFE, throw by LF to home
|
|
Batting: RHB Brad Brady
|
0-0: Ball 1-0: Ball 2-0: Called Strike 2-1: Foul Ball, location: 2F 2-2: Ball 3-2: Foul Ball, location: 2F 3-2: Base on Balls Jonathan Kirsch to third Josh Vaill to second
|
|
Batting: SHB Jason Todd
|
0-0: Swinging Strike 0-1: Called Strike 0-2: Foul Ball, location: 2F 0-2: Strikes out swinging
|
| Bottom of the 1st over - 3 runs, 2 hits, 0 errors, 3 left on base; Miami (APP) 0 - Ogden 3 |
| TOP OF THE 2ND |
|
Miami (APP) Marlins batting - Pitching for Ogden Raptors : RHP Clyde Miller
|
|
Batting: RHB Rick English
|
0-0: Called Strike 0-1: Ball 1-1: Swinging Strike 1-2: Foul Ball, location: 2F 1-2: Ball 2-2: Foul Ball, location: 2F 2-2: Foul Ball, location: 2F 2-2: Fly out, F9 (Flyball, 9S, EV 88.8 MPH)
|
|
Batting: LHB Danny Treto
|
0-0: Ball 1-0: Ball 2-0: Ball 3-0: Called Strike 3-1: Base on Balls
|
|
Batting: RHB Mario Cota
|
0-0: Ball 1-0: Called Strike 1-1: Foul Ball, location: 2F 1-2: Strikes out swinging
|
|
Batting: LHB Emilio Montalvo
|
0-0: Ball 1-0: Called Strike 1-1: Ball 2-1: Swinging Strike 2-2: Strikes out swinging
|
| Top of the 2nd over - 0 runs, 0 hits, 0 errors, 1 left on base; Miami (APP) 0 - Ogden 3 |
| BOTTOM OF THE 2ND |
|
Ogden Raptors batting - Pitching for Miami (APP) Marlins : RHP Aidan Mitchell
|
|
Batting: LHB Nate Kee
|
0-0: Ball 1-0: Called Strike 1-1: Called Strike 1-2: Strikes out swinging
|
|
Batting: SHB Dave Reynoso
|
0-0: Ball 1-0: Foul Ball, location: 2F 1-1: SOLO HOME RUN (Flyball, 9LD, EV 91.2 MPH), Distance : 338 ft
|
|
Batting: RHB Chad Rojas
|
0-0: Ball 1-0: SOLO HOME RUN (Flyball, 7D, EV 100.0 MPH), Distance : 401 ft
|
|
Batting: RHB Justin Curran
|
0-0: Ball 1-0: Called Strike 1-1: Ball 2-1: Ball 3-1: SINGLE (Line Drive, 56D, EV 98.1 MPH)
|
|
Batting: RHB Jonathan Kirsch
|
0-0: 2-RUN HOME RUN (Flyball, 78XD, EV 112.5 MPH), Distance : 426 ft
|
|
Batting: RHB Mike Kaczor
|
0-0: Ball 1-0: Ball 2-0: Foul Ball, location: 2F 2-1: Swinging Strike 2-2: Ball 3-2: Foul Ball, location: 2F 3-2: Foul Ball, location: 2F 3-2: Base on Balls
|
|
Batting: SHB Josh Vaill
|
0-0: SINGLE (Line Drive, 78S, EV 106.2 MPH) Mike Kaczor to second
|
|
Batting: RHB Brad Brady
|
0-0: Called Strike 0-1: Called Strike 0-2: Ball 1-2: Foul Ball, location: 2F 1-2: Ball 2-2: 3-RUN HOME RUN (Flyball, 9D, EV 103.8 MPH), Distance : 390 ft
|
|
Pitching: RHP Franklin Vazquez
|
|
|
Batting: SHB Jason Todd
|
0-0: Ground out U3 (Groundball, 23, EV 78.8 MPH)
|
|
Batting: LHB Nate Kee
|
0-0: Fly out, F8 (Flyball, 78M, EV 90.0 MPH)
|
| Bottom of the 2nd over - 7 runs, 6 hits, 0 errors, 0 left on base; Miami (APP) 0 - Ogden 10 |
| TOP OF THE 3RD |
|
Miami (APP) Marlins batting - Pitching for Ogden Raptors : RHP Clyde Miller
|
|
Batting: SHB Greg Rivera
|
0-0: Ball 1-0: Swinging Strike 1-1: Swinging Strike 1-2: Strikes out swinging
|
|
Batting: RHB Keith Bennett
|
0-0: Foul Ball, location: 2F 0-1: Ball 1-1: Fly out, F9 (Line Drive, 89M, EV 92.5 MPH)
|
|
Batting: RHB Robbie Gomez
|
0-0: Foul Ball, location: 2F 0-1: Ball 1-1: Foul Ball, location: 2F 1-2: Ball 2-2: Ball 3-2: Foul Ball, location: 2F 3-2: Base on Balls
|
|
Batting: RHB Jeremy Harden
|
0-0: Ball Robbie Gomez steals 2nd base 1-0: Swinging Strike 1-1: Ball 2-1: Called Strike 2-2: Foul Ball, location: 2F 2-2: Ball 3-2: Foul Ball, location: 2F 3-2: Fly out, F7 (Flyball, 78D, EV 100.6 MPH)
|
| Top of the 3rd over - 0 runs, 0 hits, 0 errors, 1 left on base; Miami (APP) 0 - Ogden 10 |
| BOTTOM OF THE 3RD |
|
Ogden Raptors batting - Pitching for Miami (APP) Marlins : RHP Franklin Vazquez
|
|
Batting: SHB Dave Reynoso
|
0-0: Ball 1-0: Ball 2-0: Ball 3-0: Called Strike 3-1: Base on Balls
|
|
Batting: RHB Chad Rojas
|
0-0: Called Strike 0-1: Grounds into double play, 5-4-3 (Groundball, 5, EV 101.2 MPH)
|
|
Batting: RHB Justin Curran
|
0-0: Called Strike 0-1: Foul Ball, location: 2F 0-2: Foul Ball, location: 2F 0-2: Ball 1-2: Fly out, F9 (Flyball, 9S, EV 95.0 MPH)
|
| Bottom of the 3rd over - 0 runs, 0 hits, 0 errors, 0 left on base; Miami (APP) 0 - Ogden 10 |
| TOP OF THE 4TH |
|
Miami (APP) Marlins batting - Pitching for Ogden Raptors : RHP Clyde Miller
|
|
Batting: RHB George Boivin
|
0-0: Called Strike 0-1: Foul Ball, location: 2F 0-2: Strikes out swinging
|
|
Batting: RHB Rick English
|
0-0: Called Strike 0-1: Ball 1-1: Ball 2-1: Foul Ball, location: 2F 2-2: Strikes out swinging
|
|
Batting: LHB Danny Treto
|
0-0: Called Strike 0-1: Called Strike 0-2: Ball 1-2: Foul Ball, location: 2F 1-2: Ball 2-2: Strikes out swinging
|
| Top of the 4th over - 0 runs, 0 hits, 0 errors, 0 left on base; Miami (APP) 0 - Ogden 10 |
| BOTTOM OF THE 4TH |
|
Ogden Raptors batting - Pitching for Miami (APP) Marlins : RHP Franklin Vazquez
|
|
Batting: RHB Jonathan Kirsch
|
0-0: Called Strike 0-1: Ball 1-1: Foul Ball, location: 2F 1-2: Strikes out swinging
|
|
Pitching: LHP Brian Worthy
|
|
|
Batting: RHB Mike Kaczor
|
0-0: Ball 1-0: Ground out 6-3 (Groundball, 6, EV 80.0 MPH)
|
|
Batting: SHB Josh Vaill
|
0-0: Called Strike 0-1: Ball 1-1: DOUBLE (Line Drive, 89M, EV 87.5 MPH)
|
|
Batting: RHB Brad Brady
|
0-0: Foul Ball, location: 2F 0-1: 2-RUN HOME RUN (Flyball, 7LD, EV 95.0 MPH), Distance : 344 ft
|
|
Batting: SHB Jason Todd
|
0-0: Called Strike 0-1: Ball 1-1: Ball 2-1: Foul Ball, location: 2F 2-2: SINGLE (Groundball, 4M, EV 80.0 MPH) (infield hit)
|
|
Batting: LHB Nate Kee
|
0-0: Fly out, F5 (Line Drive, 5L, EV 64.4 MPH)
|
| Bottom of the 4th over - 2 runs, 3 hits, 0 errors, 1 left on base; Miami (APP) 0 - Ogden 12 |
| TOP OF THE 5TH |
|
Miami (APP) Marlins batting - Pitching for Ogden Raptors : RHP Clyde Miller
|
|
Batting: RHB Mario Cota
|
0-0: Called Strike 0-1: Ball 1-1: Called Strike 1-2: Ball 2-2: Ground out 5-3 (Groundball, 56S, EV 91.2 MPH)
|
|
Pitching: LHP Bill Esten
|
|
|
Batting: LHB Emilio Montalvo
|
0-0: Ball 1-0: Ball 2-0: Foul Ball, location: 2F 2-1: SINGLE (Groundball, 4MD, EV 101.9 MPH)
|
|
Batting: SHB Greg Rivera
|
0-0: Swinging Strike 0-1: Called Strike 0-2: Ball 1-2: Ball 2-2: Strikes out looking
|
|
Batting: RHB Keith Bennett
|
0-0: Ball 1-0: Swinging Strike 1-1: Swinging Strike Passed Ball! Emilio Montalvo to second 1-2: Ball 2-2: Strikes out swinging
|
| Top of the 5th over - 0 runs, 1 hit, 0 errors, 1 left on base; Miami (APP) 0 - Ogden 12 |
| BOTTOM OF THE 5TH |
|
Ogden Raptors batting - Pitching for Miami (APP) Marlins : LHP Brian Worthy
|
|
Batting: SHB Dave Reynoso
|
0-0: Ball 1-0: Ball 2-0: Called Strike 2-1: Swinging Strike 2-2: Strikes out swinging
|
|
Pitching: RHP Felix Moreno
|
|
|
Batting: RHB Chad Rojas
|
0-0: Swinging Strike 0-1: Hit by Pitch
|
|
Batting: RHB Justin Curran
|
0-0: Called Strike 0-1: Ball 1-1: 2-RUN HOME RUN (Flyball, 7D, EV 100.6 MPH), Distance : 394 ft
|
|
Batting: RHB Jonathan Kirsch
|
0-0: SINGLE (Line Drive, 8LS, EV 95.0 MPH)
|
|
Batting: RHB Mike Kaczor
|
0-0: Called Strike 0-1: Hit by Pitch Jonathan Kirsch to second
|
|
Batting: SHB Josh Vaill
|
0-0: Ball 1-0: Ball 2-0: Ball 3-0: Base on Balls Jonathan Kirsch to third Mike Kaczor to second
|
|
Batting: RHB Brad Brady
|
0-0: Ball 1-0: Ball 2-0: Called Strike 2-1: Foul Ball, location: 2F 2-2: Strikes out swinging
|
|
Batting: SHB Jason Todd
|
0-0: Called Strike 0-1: Ball 1-1: GRAND SLAM HOME RUN (Flyball, 89XD, EV 116.9 MPH), Distance : 461 ft
|
|
Pitching: RHP Cesar Jimenez
|
|
|
Batting: LHB Nate Kee
|
0-0: Reached on error, E8 (Flyball, 8LM, EV 83.8 MPH)
|
|
Batting: SHB Dave Reynoso
|
0-0: Called Strike 0-1: Foul Ball, location: 2F 0-2: Ball 1-2: Ball 2-2: Strikes out swinging
|
| Bottom of the 5th over - 6 runs, 3 hits, 1 error, 1 left on base; Miami (APP) 0 - Ogden 18 |
| TOP OF THE 6TH |
|
Miami (APP) Marlins batting - Pitching for Ogden Raptors : LHP Bill Esten
|
|
Batting: RHB Robbie Gomez
|
0-0: Called Strike 0-1: Swinging Strike 0-2: Strikes out swinging
|
|
Batting: RHB Jeremy Harden
|
0-0: Swinging Strike 0-1: Ball 1-1: Foul Ball, location: 2F 1-2: Strikes out swinging
|
|
Batting: RHB George Boivin
|
0-0: Foul Ball, location: 2F 0-1: Foul Ball, location: 2F 0-2: Ground out 4-3 (Groundball, 4, EV 84.4 MPH)
|
| Top of the 6th over - 0 runs, 0 hits, 0 errors, 0 left on base; Miami (APP) 0 - Ogden 18 |
| BOTTOM OF THE 6TH |
|
Ogden Raptors batting - Pitching for Miami (APP) Marlins : RHP Cesar Jimenez
|
|
Batting: RHB Chad Rojas
|
0-0: Swinging Strike 0-1: Ball 1-1: Called Strike 1-2: Ball 2-2: Ball 3-2: Foul Ball, location: 2F 3-2: Foul Ball, location: 2F 3-2: Fly out, F7 (Flyball, 78D, EV 98.1 MPH)
|
|
Batting: RHB Justin Curran
|
0-0: Ball 1-0: Ground out U3 (Groundball, 3L, EV 102.5 MPH)
|
|
Batting: RHB Jonathan Kirsch
|
0-0: Ball 1-0: Ball 2-0: Ball 3-0: Called Strike 3-1: DOUBLE (Line Drive, 89M, EV 113.1 MPH)
|
|
Batting: RHB Mike Kaczor
|
0-0: Swinging Strike 0-1: Called Strike 0-2: Ball 1-2: Ball 2-2: SINGLE (Groundball, 4MD, EV 94.4 MPH) Jonathan Kirsch to third Runner from 3rd tries for Home, SAFE, throw by CF to home
|
|
Batting: SHB Josh Vaill
|
0-0: Ball Wild Pitch! Mike Kaczor to second 1-0: Called Strike 1-1: Ball 2-1: Reached via error on a dropped throw from 1B, E1 (Groundball, 34S, EV 84.4 MPH) Mike Kaczor to third
|
|
Batting: RHB Brad Brady
|
0-0: Ball 1-0: Ball 2-0: Ball 3-0: Base on Balls Josh Vaill to second
|
|
Batting: SHB Jason Todd
|
0-0: SINGLE (Groundball, 4MS, EV 62.5 MPH) (infield hit) Mike Kaczor scores Josh Vaill to third Brad Brady to second
|
|
Batting: LHB Nate Kee
|
0-0: Ball 1-0: Ball 2-0: Foul Ball, location: 2F 2-1: Foul Ball, location: 2F 2-2: Ball 3-2: GRAND SLAM HOME RUN (Flyball, 9LD, EV 93.8 MPH), Distance : 365 ft
|
|
Batting: SHB Dave Reynoso
|
0-0: Called Strike 0-1: Swinging Strike 0-2: Ball 1-2: Ball 2-2: SOLO HOME RUN (Flyball, 9D, EV 95.6 MPH), Distance : 380 ft
|
|
Batting: RHB Chad Rojas
|
0-0: Ball 1-0: Foul Ball, location: 2F 1-1: Ball 2-1: Foul Ball, location: 2F 2-2: Ball 3-2: Foul Ball, location: 2F 3-2: Foul Ball, location: 2F 3-2: Foul Ball, location: 2F 3-2: Base on Balls
|
|
Batting: RHB Justin Curran
|
0-0: SINGLE (Groundball, 34D, EV 101.9 MPH) Chad Rojas to second
|
|
Batting: RHB Jonathan Kirsch
|
0-0: Called Strike 0-1: Foul Ball, location: 2F 0-2: Ball 1-2: Ball Passed Ball! Chad Rojas to third Justin Curran to second 2-2: Ball 3-2: Base on Balls
|
|
Batting: RHB Mike Kaczor
|
0-0: Foul Ball, location: 2F 0-1: Fielders Choice at 2nd, 6-4 (Groundball, 6, EV 96.9 MPH)
|
| Bottom of the 6th over - 7 runs, 6 hits, 1 error, 3 left on base; Miami (APP) 0 - Ogden 25 |
| TOP OF THE 7TH |
|
Miami (APP) Marlins batting - Pitching for Ogden Raptors : LHP Bill Esten
|
|
Batting: RHB Rick English
|
0-0: Ball 1-0: Foul Ball, location: 2F 1-1: Called Strike 1-2: Strikes out swinging
|
|
Batting: LHB Danny Treto
|
0-0: Ball 1-0: Ball 2-0: Foul Ball, location: 2F 2-1: Foul Ball, location: 2F 2-2: Foul Ball, location: 2F 2-2: Foul Ball, location: 2F 2-2: Hit by Pitch
|
|
Pitching: RHP Alfredo Sanchez
|
|
|
Batting: RHB Mario Cota
|
0-0: Called Strike Danny Treto steals 2nd base (no throw) 0-1: Ball 1-1: Foul Ball, location: 2F 1-2: Strikes out looking
|
|
Batting: LHB Emilio Montalvo
|
0-0: Ball 1-0: Ball 2-0: Fly out, F8 (Flyball, 8LM, EV 89.4 MPH)
|
| Top of the 7th over - 0 runs, 0 hits, 0 errors, 1 left on base; Miami (APP) 0 - Ogden 25 |
| BOTTOM OF THE 7TH |
|
Ogden Raptors batting - Pitching for Miami (APP) Marlins : RHP Cesar Jimenez
|
|
Batting: SHB Josh Vaill
|
0-0: Ground out 1-3 (Groundball, 15S, EV 71.2 MPH)
|
|
Batting: RHB Brad Brady
|
0-0: Reached on error, E6 (Groundball, 6, EV 100.6 MPH)
|
|
Batting: SHB Jason Todd
|
0-0: Reached on error, E4 (Groundball, 4, EV 81.9 MPH) Brad Brady scores
|
|
Batting: LHB Nate Kee
|
0-0: Ground out 3-1 (Groundball, 34, EV 82.5 MPH) Jason Todd to third
|
|
Batting: SHB Dave Reynoso
|
0-0: Swinging Strike 0-1: Ground out 5-3 (Groundball, 5, EV 85.6 MPH)
|
| Bottom of the 7th over - 1 run, 0 hits, 2 errors, 1 left on base; Miami (APP) 0 - Ogden 26 |
| TOP OF THE 8TH |
|
Miami (APP) Marlins batting - Pitching for Ogden Raptors : RHP Alfredo Sanchez
|
|
Batting: SHB Greg Rivera
|
0-0: Swinging Strike 0-1: Ball 1-1: Ball 2-1: Called Strike 2-2: Strikes out swinging
|
|
Batting: RHB Keith Bennett
|
0-0: Ball 1-0: Called Strike 1-1: Swinging Strike 1-2: Strikes out swinging
|
|
Batting: RHB Robbie Gomez
|
0-0: Ball 1-0: Ground out 6-3 (Groundball, 6, EV 79.4 MPH)
|
| Top of the 8th over - 0 runs, 0 hits, 0 errors, 0 left on base; Miami (APP) 0 - Ogden 26 |
| BOTTOM OF THE 8TH |
|
Ogden Raptors batting - Pitching for Miami (APP) Marlins : RHP Cesar Jimenez
|
|
Batting: RHB Chad Rojas
|
0-0: Fly out, F7 (Flyball, 7D, EV 91.9 MPH)
|
|
Batting: RHB Justin Curran
|
0-0: Fly out, F3 (Popup, 23F, EV 83.8 MPH)
|
|
Batting: RHB Jonathan Kirsch
|
0-0: Ground out 3-1 (Groundball, 34, EV 108.8 MPH)
|
| Bottom of the 8th over - 0 runs, 0 hits, 0 errors, 0 left on base; Miami (APP) 0 - Ogden 26 |
| TOP OF THE 9TH |
|
Miami (APP) Marlins batting - Pitching for Ogden Raptors : RHP Alfredo Sanchez
|
|
Batting: RHB Jeremy Harden
|
0-0: Ball 1-0: Foul Ball, location: 2F 1-1: Ball 2-1: Swinging Strike 2-2: Ball 3-2: Foul Ball, location: 2F 3-2: Base on Balls
|
|
Batting: RHB George Boivin
|
0-0: Ball 1-0: Ball 2-0: Ball 3-0: Called Strike 3-1: Fielders Choice at 2nd, 6-4 (Groundball, 6, EV 85.6 MPH)
|
|
Batting: RHB Rick English
|
0-0: Called Strike 0-1: Foul Ball, location: 2F 0-2: Ball Wild Pitch! George Boivin to second 1-2: Strikes out swinging
|
|
Batting: LHB Danny Treto
|
0-0: Ball 1-0: Foul Ball, location: 2F 1-1: Ball 2-1: Called Strike 2-2: Foul Ball, location: 2F 2-2: Strikes out swinging
|
| Top of the 9th over - 0 runs, 0 hits, 0 errors, 1 left on base; Miami (APP) 0 - Ogden 26 |
|